 Dungeon Crawl Stone Soup version 0.31.0-11-ge490571c62 (webtiles) character file.

Game seed: 15719661538532414677

141 mopl the Apothecary (level 5, 0/45 HPs)
             Began as a Naga Alchemist on Feb 8, 2024.
             Slain by Pargi (5 damage)
             ... in a sewer.
             The game lasted 00:04:48 (1722 turns).

mopl the Apothecary (Naga Alchemist)                Turns: 1722, Time: 00:04:49

Health: 0/45       AC:  2    Str: 10    XL:     5   Next: 24%
Magic:  0/8        EV: 10    Int: 17    God:
Gold:   87         SH:  0    Dex: 12    Spells: 3/8 levels left

rFire   . . .        k - +0 spear
rCold   . . .        (no shield)
rNeg    . . .        a - +0 robe
rPois   +            (no helmet)
rElec   .            (no cloak)
rCorr   .            (no gloves)
SInv    +            (no barding)
Will    .....        (no amulet)
Stlth   ++           (no ring)
HPRegen 0.27/turn    (no ring)
MPRegen 0.11/turn

%: no passive effects
@: brilliant, short of breath, very slow
A: AC +1, large, see invisible, deformed body, poison resistance, slowness 2,
spit poison 1, naga tail 1
a: Spit Poison


You were in a sewer.
You visited 1 branch of the dungeon, and saw 3 of its levels.
You also visited: Sewer.

You collected 87 gold pieces.

Inventory:

Hand Weapons
 k - a +0 spear (weapon)
Armour
 a - a +0 robe (worn)
Wands
 f - a wand of polymorph (12)
 l - a wand of iceblast (2)
Scrolls
 e - 2 scrolls of revelation {unknown}
 g - a scroll of enchant weapon {unknown}
 h - 2 scrolls of teleportation {unknown}
 i - a scroll of brand weapon {unknown}
 m - 2 scrolls of identify {unknown}
Potions
 b - a potion of magic
 c - a potion of might {unknown}
 d - 2 potions of brilliance
 j - a potion of heal wounds {unknown}
 n - 2 potions of attraction {unknown}
 o - a potion of mutation {unknown}
 p - a potion of degeneration {unknown}


   Skills:
 + Level 1.9 Fighting
 + Level 1.5 Armour
 + Level 2.3 Dodging
 - Level 3.0 Stealth
 - Level 2.0 Spellcasting
 - Level 1.0 Conjurations
 * Level 5.2 Alchemy


You had 3 spell levels left.
You knew the following spells:

 Your Spells              Type           Power      Damage    Failure   Level
a - Sting                 Conj/Alch      72%        1d7       5%          1
o - Olgreb's Toxic Radia  Alch           29%        N/A       22%         4

Your spell library contained the following spells:

 Spells                   Type           Power      Damage    Failure   Level
 Mercury Vapours          Alch/Air       30%        N/A       10%         2
 Mephitic Cloud           Conj/Alch/Air  13%        N/A       26%         3
 Sticky Flame             Fire/Alch      15%        2d5       54%         4


Dungeon Overview and Level Annotations

Branches:
Dungeon (3/15)              Sewer (1/1)

Altars:

Annotations:
Sewer Pargi


Innate Abilities, Weirdness & Mutations

Your serpentine skin is tough. (AC +1)
You have supernaturally acute eyesight. (SInv)
Armour fits poorly on your strangely shaped body.
Your system is resistant to poisons. (rPois)
You cover ground very slowly.
You can spit poison.
You have a snake-like lower body.


Message History

Pargi is moderately wounded.
Pargi misses you. Pargi claws you. x2
You are out of magic!
You are out of magic!
You are out of magic!
Okay, then.
Pargi attacks as he pursues you! Pargi bites you.
Pargi claws you but does no damage. Pargi claws you.
Pargi attacks as he pursues you!
Pargi barely misses you. x2; Pargi claws you.
Pargi closely misses you. Pargi claws you. x2
* * * LOW HITPOINT WARNING * * *
Your magical contamination has completely faded away.
Okay, then.
Aiming: Spit Poison (1% risk of failure)
Press: ? - help, Shift-Dir - straight line, f/p - Pargi
Aim: Pargi (heavily wounded, very poisoned, 50% to hit)
The splash of poison hits Pargi.
Pargi is heavily wounded.
Pargi misses you. Pargi claws you.
* * * LOW HITPOINT WARNING * * *
Pargi barely misses you.
Unknown command.
It was a potion of brilliance.
You feel clever all of a sudden. Pargi bites you.
* * * LOW HITPOINT WARNING * * *
Pargi closely misses you. Pargi claws you but does no damage.
Casting: Sting (safe; 5% risk of failure)
Confirm with . or Enter, or press ? or * to list all spells.
Aiming: Sting (safe; 5% risk of failure)
Press: ? - help, Shift-Dir - straight line, f/p - Pargi
Aim: Pargi (severely wounded, very poisoned, 67% to hit)
You feel a surge of power!
The sting hits Pargi.
Pargi looks as sick as possible!
Pargi is severely wounded.
Pargi bites you.
* * * LOW HITPOINT WARNING * * *
Pargi barely misses you. Pargi claws you but does no damage.
Pargi attacks as he pursues you! Pargi bites you.
You die...

##...## ##.## #.#
#.# ### #.# ....
#.# ..... #.#
$.....####.########
$......!..T@.....∩#
$.....####.########
..... #.# .... #.#
### ###


You could see Pargi (extremely poisoned).

Vanquished Creatures
  A brain worm (Sewer)
  An adder (D:3)
  2 dart slugs (D:1)
  A ribbon worm (D:3)
  An orc (D:2)
  7 ball pythons
  14 bats
  3 endoplasms
  3 giant cockroaches
  3 goblins
  7 hobgoblins
  3 kobolds
  2 quokkas
  2 frilled lizards (D:1)
  8 rats
58 creatures vanquished.

Notes
Turn   | Place    | Note
-------+----------+-------------------------------------------
     0 | D:1      | mopl the Naga Alchemist began the quest for the Orb.
     0 | D:1      | Reached XP level 1. HP: 15/15 MP: 3/3
    67 | D:1      | You fall into a shaft and drop 1 floor!
   116 | D:2      | Reached XP level 2. HP: 7/24 MP: 3/5
   247 | D:2      | Reached skill level 4 in Alchemy
   630 | D:2      | Reached XP level 3. HP: 26/30 MP: 2/6
   723 | D:2      | Reached skill level 1 in Fighting
  1063 | D:1      | Reached skill level 1 in Armour
  1369 | D:3      | Reached XP level 4. HP: 28/38 MP: 4/7
  1528 | D:3      | Found a glowing drain.
  1532 | Sewer    | Entered a sewer
  1574 | Sewer    | Learned a level 4 spell: Olgreb's Toxic Radiance
  1626 | Sewer    | Noticed a brain worm
  1636 | Sewer    | Killed a brain worm
  1637 | Sewer    | Reached skill level 5 in Alchemy
  1637 | Sewer    | Reached XP level 5. HP: 44/45 MP: 0/8
  1708 | Sewer    | Noticed Pargi
  1722 | Sewer    | Slain by Pargi

Illustrated notes

Levels and vault maps discovered:
D:1:      giann_horns, layout_rooms
D:2:      layout_basic, nicolae_concentric_dashed_squares_wild
D:3:      layout_loops_cross, nicolae_dithmenos_through_a_glass_darkly,
          nicolae_overflow_ecumenical_swirl, gup_sewer_entry_bowl,
          nicolae_kite_square_tiling_tiny
Sewer:    sewer_big_baddie

Skill      XL: |  1  2  3  4 |
---------------+-------------+-----
Alchemy        | 4 5 |  5.2
Fighting       | 1 |  1.9
Dodging        | 2 |  2.3
Armour         | 1 |  1.5
Stealth        | |  3.0
Spellcasting   | |  2.0
Conjurations   | |  1.0

Action                     |  1- 3 |  4- 6 || total
---------------------------+-------+-------++-------
  Melee: Unarmed           |    56 |       ||    56
         Spear             |    44 |    53 ||    97
   Cast: Sting             |    69 |    17 ||    86
         Olgreb's Toxic Ra |       |     2 ||     2
Ability: Spit Poison       |     2 |     1 ||     3
    Use: Potion            |       |     1 ||     1
   Stab: Sleeping          |     1 |       ||     1
 Armour: Robe              |   109 |    76 ||   185
  Dodge: Dodged            |    88 |    71 ||   159
